 Dungeon Crawl Stone Soup version 0.30.1-11-g7821555f0a (webtiles) character file.

Game seed: 9035224478661444161

44 H0rd4k the Charlatan (level 3, 0/23 HPs)
             Began as an Octopode Artificer on Oct 27, 2023.
             Slain by a kobold
             ... wielding a +0 dagger
              (3 damage)
             ... on level 2 of the Dungeon.
             The game lasted 00:00:50 (784 turns).

H0rd4k the Charlatan (Octopode Artificer)            Turns: 784, Time: 00:00:51

Health: 0/23       AC:  1    Str: 11    XL:     3   Next: 62%
Magic:  3/3        EV: 13    Int: 15    God:
Gold:   58         SH:  0    Dex: 12    Spells: 2/2 levels left

rFire   . . .        (no weapon)
rCold   . . .        (no shield)
rNeg    . . .        (helmet restricted)
rPois   .            (no amulet)
rElec   .            (no ring)
rCorr   .            (no ring)
SInv    .            (no ring)
Will    .....        (no ring)
Stlth   +++          (no ring)
HPRegen 0.23/turn    (no ring)
MPRegen 0.08/turn    (no ring)
                     (no ring)

%: no passive effects
@: lethally poisoned (0 -> -2)
A: almost no armour, amphibious, 8 rings, camouflage 1, gelatinous body 1,
(nimble swimmer 1), tentacles
a: no special abilities


You were on level 2 of the Dungeon.
You visited 1 branch of the dungeon, and saw 2 of its levels.

You collected 58 gold pieces.

Inventory:

Wands
 b - a wand of flame (15) (quivered)
 c - a wand of charming (15)
 d - a wand of iceblast (5)
Scrolls
 a - 2 scrolls of noise {unknown}
 f - 2 scrolls of silence {unknown}
 g - a scroll of immolation {unknown}
 j - a scroll of fear {unknown}
Potions
 e - a potion of flight {unknown}
 h - a potion of lignification {unknown}
 i - a potion of magic {unknown}
 k - a potion of curing {unknown}


   Skills:
 + Level 1.0 Fighting
 + Level 3.0 Dodging
 + Level 2.3 Stealth
 + Level 0.8 Unarmed Combat
 + Level 4.0 Evocations


You had 2 spell levels left.
You didn't know any spells.
Your spell library was empty.

Dungeon Overview and Level Annotations

Branches:
Dungeon (2/15)

Altars:


Innate Abilities, Weirdness & Mutations

You cannot wear most types of armour.
You are amphibious.
You can wear up to eight rings at the same time.
Your skin changes colour to match your surroundings (Stealth+).
Your rubbery body absorbs attacks. (AC +1, EV +1)
((You are camouflaged when in or above water. (Stealth+)))
You have tentacles for arms and can constrict up to eight enemies at once.


Message History

The worm is heavily wounded.
The worm bites you.
You barely miss the worm. You grab the worm. You tentacle-slap the worm.
You squeeze the worm.
The worm is almost dead.
You constrict the worm. You barely miss the worm.
The worm is almost dead.
You constrict the worm.
You kill the worm!
The adder bites you but does no damage.
Your Dodging skill increases to level 3!
You closely miss the adder. You grab the adder. You constrict the adder.
The adder bites you.
You barely miss the adder.
The adder is lightly wounded.
You constrict the adder. The adder closely misses you.
You tentacle-slap the adder.
The adder is moderately wounded.
You constrict the adder. The adder bites you but does no damage.
You tentacle-slap the adder but do no damage.
The adder is heavily wounded.
You constrict the adder. The adder bites you.
You are poisoned.
The adder poisons you! The adder bites you.
You tentacle-slap the adder. You squeeze the adder.
You kill the adder!
You feel sick.
The kobold throws a stone.
The stone hits you.
Your Evocations skill increases to level 4!
You feel sick. The kobold barely misses you.
You see here an adder corpse.
You tentacle-slap the kobold but do no damage.
Your grab misses the kobold.
You feel sick. The kobold hits you with a +0 dagger.
* * * LOW HITPOINT WARNING * * *
You closely miss the kobold. Your grab misses the kobold.
You squeeze the kobold, but do no damage.
* * * LOW HITPOINT WARNING * * *
You feel sick. The kobold hits you with a +0 dagger.
You die...

# #.# ..# #.# #.#
## #.# #.. #.
#.###.# #. #..#
##.# ##.# ##...##
#.#
###..(..#######.#
..........K@†...#
###.....#########
...............
.####.r......##
#.#w.....#
....♣...♣...
##... .....!#
#.♣. .<...♣. #...
.K.h..#


You could see a kobold.

Vanquished Creatures
  2 adders (D:2)
  A worm (D:2)
  4 endoplasms
  A giant cockroach (D:1)
  A goblin (D:1)
  3 hobgoblins (D:1)
  A quokka (D:2)
  2 ball pythons (D:1)
  2 bats (D:1)
  2 frilled lizards (D:1)
  2 kobolds (D:1)
  2 rats (D:1)
23 creatures vanquished.

Notes
Turn   | Place    | Note
-------+----------+-------------------------------------------
     0 | D:1      | H0rd4k the Octopode Artificer began the quest for the Orb.
     0 | D:1      | Reached XP level 1. HP: 13/13 MP: 1/1
    70 | D:1      | Found a faded altar of an unknown god.
   257 | D:1      | Reached XP level 2. HP: 18/18 MP: 2/2
   697 | D:2      | Reached XP level 3. HP: 18/23 MP: 3/3
   782 | D:2      | Reached skill level 4 in Evocations
   784 | D:2      | Slain by a kobold

Illustrated notes

Levels and vault maps discovered:
D:1:      lemuel_arrival_broad_hall, layout_rooms,
          shapermc_ecumenical_altar_ellora, corexii_corridor_pit,
          kennysheep_another_room, minmay_stone_trees_medium
D:2:      layout_loops_ring, st_stairs_13, grunt_ministairs_2,
          kennysheep_generic_room_5

Skill      XL: |  1  2  3 |
---------------+----------+-----
Stealth        | 2 |  2.3
Dodging        | 3 |  3.0
Evocations     | 4 |  4.0
Fighting       | |  1.0
Unarmed Combat | |  0.8

Action                     || total
---------------------------++-------
  Melee: Unarmed           ||    68
         Tentacles         ||    21
         Constrict         ||    12
         Punch             ||     1
   Stab: Sleeping          ||     6
 Armour: Skin              ||     5
  Dodge: Dodged            ||    40
